 Dungeon Crawl Stone Soup version 0.32-a0-859-gb0a091d (webtiles) character file.

Game seed: 18011266705346633787

1948132 Draconius the Metallomancer (level 26, 179/179 HPs)
             Began as a Gargoyle Earth Elementalist on Mar 25, 2024.
             Was the Champion of Vehumet.
             Escaped with the Orb
             ... and 3 runes on Mar 27, 2024!
             The game lasted 06:10:47 (50381 turns).

Draconius the Metallomancer (GrEE)                 Turns: 50381, Time: 06:10:48

Health: 179/179    AC: 39    Str: 20    XL:     26   Next: 99%
Magic:  50/50      EV: 13    Int: 26    God:    Vehumet [******]
Gold:   5388       SH: 24    Dex: 12    Spells: 7/71 levels left

rFire   + + .        K - staff of the Shouting Dragonfly {rC+ Str+3 Ice Earth}
rCold   + + .        f - +5 tower shield
rNeg    + + .        P - +3 robe "Tolodwu" {rF+ rC+}
rPois   ∞            r - +2 hat of the Fletcher {^Contam rF+ rN+ rCorr}
rElec   +            R - +4 dragonskin cloak {Aegis}
rCorr   +            A - +2 pair of gloves {Str+3}
SInv    .            l - +3 pair of boots of Limitation {Will+ Dex+4}
Will    ++...        U - amulet of Vitality {Regen++ RegenMP++}
Stlth   ++           Q - ring of wizardry
HPRegen 2.09/turn    W - ring of Shadows {Umbra +Inv Stlth+}
MPRegen 1.12/turn

%: wizardry (x1)
@: flying, wreathed by umbra, studying 3 skills
A: sickness immunity, AC +20, big wings, negative energy resistance 1,
electricity resistance, torment resistance 1, petrification resistance, clumsy
1, deterioration 1
0: Orb of Zot
}: 3/15 runes: decaying, silver, gossamer
a: Renounce Religion, Evoke Invisibility


You escaped.
You worshipped Vehumet.
Vehumet was exalted by your worship.
You visited 9 branches of the dungeon, and saw 45 of its levels.
You also visited: Gauntlet and Wizlab.

You collected 6115 gold pieces.
You spent 727 gold pieces at shops.

Inventory:

Hand Weapons
 a - the +6 trident of Duty {drain, *Slow rElec SInv}
   (You took it off a spriggan on level 11 of the Dungeon)

   rElec:     It insulates you from electricity.
   SInv:      It lets you see invisible.
   *Slow:     It may slow you when you take damage.
Armour
 e - the +4 robe of Folly {Brill Will-∞ Int+8}
   (You found it on level 5 of the Vaults)

   Brill:     It increases the power of your magical spells and halves their MP
   cost (rounding up).
   Will-∞: It reduces your willpower to zero.
   Int+8:     It affects your intelligence (+8).
 f - a +5 tower shield (worn)
 l - the +3 pair of boots of Limitation (worn) {Will+ Dex+4}
   (You acquired it on level 1 of the Swamp)

   Dex+4:     It affects your dexterity (+4).
   Will+:     It increases your willpower.
 r - the +2 hat of the Fletcher (worn) {^Contam rF+ rN+ rCorr}
   (You found it in a Gauntlet)

   rF+:       It protects you from fire.
   rN+:       It protects you from negative energy.
   ^Contam:   It causes magical contamination when unequipped.
   rCorr:     It protects you from acid and corrosion.
 A - a +2 pair of gloves of strength (worn)
 G - the +2 robe "Faxkimibb" {rPois rF+ Int+2}
   (You found it on level 3 of the Vaults)

   Int+2:     It affects your intelligence (+2).
   rF+:       It protects you from fire.
   rPois:     It protects you from poison.
 P - the +3 robe "Tolodwu" (worn) {rF+ rC+}
   (You found it on level 4 of the Swamp)

   rF+:       It protects you from fire.
   rC+:       It protects you from cold.
 R - the +4 dragonskin cloak (worn) {Aegis}
   (You took it off Tiamat on level 1 of the Realm of Zot)

   Avatar's Aegis: It grants the wearer a chance to resist fire, cold, poison,
   electricity, acid, and negative energy.
Magical Staves
 K - the staff of the Shouting Dragonfly (weapon) {rC+ Str+3 Ice Earth}
   (You found it in a Gauntlet)

   [staff of earth]

   Base accuracy: +5 Base damage: 5 Base attack delay: 1.2 This weapon's minimum
   attack delay (0.6) is reached at skill level 12.
   Str+3:     It affects your strength (+3).
   rC+:       It protects you from cold.
   Ice:       It increases the power of your Ice spells.
   Earth:     It increases the power of your Earth spells.
   It falls into the 'Staves' category.
   It is a one-handed weapon.
Jewellery
 s - the ring "Mautzebig" {Wiz rC- Dex+6}
   (You found it on level 5 of the Vaults)

   [ring of wizardry]

   Wiz:       It improves your spell success rate.
   Dex+6:     It affects your dexterity (+6).
   rC-:       It makes you vulnerable to cold.
 x - an amulet of reflection
 y - the ring "Joymutin" {rF+++ Will- rCorr AC+4 Dex-4}
   (You found it on level 13 of the Dungeon)

   [ring of protection]

   AC+4:      It affects your AC (+4).
   Dex-4:     It affects your dexterity (-4).
   rF+++:     It renders you almost immune to fire.
   Will-:     It decreases your willpower.
   rCorr:     It protects you from acid and corrosion.
 C - the amulet of Xom's Condemnation {Reflect SH+5 SInv}
   (You found it on level 2 of the Depths)

   [amulet of reflection]

   Reflect:   It reflects blocked missile attacks.
   SInv:      It lets you see invisible.
   SH+5:      It affects your SH (+5).
 D - a +4 ring of protection
 O - an amulet of regeneration
 Q - a ring of wizardry (left hand)
 U - the amulet of Vitality (around neck) {Regen++ RegenMP++}
   (You found it on level 4 of the Vaults)

   [amulet of nothing]

   Regen++:   It increases your rate of health regeneration.
   RegenMP++: It increases your rate of magic regeneration.
 W - the ring of Shadows (right hand) {Umbra +Inv Stlth+}
   (You found it in a Gauntlet)

   [ring of stealth]

   Umbra:     It surrounds you with an aura of shadow, increasing your stealth
   and reducing the accuracy of all others within it.
   +Inv:      It lets you turn invisible.
   Stlth+:    It makes you more stealthy.
Wands
 c - a wand of quicksilver (10)
 k - a wand of flame (102)
 V - a wand of digging (24)
 X - a wand of mindburst (35)
 Y - a wand of roots (29)
Scrolls
 g - 3 scrolls of fear
 h - 9 scrolls of poison
 i - 21 scrolls of teleportation
 o - 2 scrolls of revelation
 t - 2 scrolls of blinking
 u - 9 scrolls of amnesia
 F - 3 scrolls of noise
 I - 4 scrolls of butterflies
 J - 2 scrolls of fog
 N - 4 scrolls of brand weapon
 S - 3 scrolls of enchant weapon
 T - a scroll of silence
Potions
 b - 4 potions of magic
 d - 6 potions of berserk rage
 j - 8 potions of heal wounds
 m - 6 potions of brilliance
 n - 3 potions of resistance
 p - 6 potions of might
 v - 10 potions of lignification
 w - 4 potions of invisibility
 z - 8 potions of mutation
 B - 2 potions of cancellation
 E - 8 potions of curing
 M - 5 potions of enlightenment
 Z - 8 potions of ambrosia
Miscellaneous
 H - a tin of tremorstones (2/2)
 L - a phantom mirror


   Skills:
 + Level 21.7 Fighting
 - Level 4.0 Armour
 - Level 10.0 Dodging
 - Level 2.1 Stealth
 - Level 17.0 Shields
 * Level 23.1 Spellcasting
 - Level 10.0 Conjurations
 - Level 2.0 Hexes
 - Level 12.0 Summonings
 * Level 9.5 Necromancy
 - Level 2.0 Translocations
 - Level 23.1 Earth Magic
 - Level 5.0 Alchemy
 - Level 12.0 Evocations


You had 7 spell levels left.
You knew the following spells:

 Your Spells              Type           Power      Damage    Failure   Level
a - Sandblast             Erth           100%       2d20      0%          1
b - Stone Arrow           Conj/Erth      100%       3d13      0%          3
c - Blink                 Tloc           80%        N/A       1%          2
d - Borgnjor's Vile Clut  Necr/Erth      53%        N/A       1%          5
e - Animate Dead          Necr           68%        N/A       1%          4
f - Irradiate             Conj/Alch      31%        3d22      1%          5
g - Iskenderun's Battles  Conj           70%        2d12      1%          5
h - Yara's Violent Unrav  Hex/Alch       24%        3d11      2%          5
i - Spellforged Servitor  Conj/Summ      36%        N/A       3%          7
j - Lehudib's Crystal Sp  Conj/Erth      54%        10d13     2%          8
k - Shatter               Erth           61%        3d46*     2%          9
l - Martyr's Knell        Necr/Summ      72%        N/A       1%          4
m - Death Channel         Necr           34%        N/A       3%          6

Your spell library contained the following spells:

 Spells                   Type           Power      Damage    Failure   Level
 Ignition                 Fire           15%        3d6       99%         8
 Chain Lightning          Conj/Air       27%        3d36      99%         9
 Summon Small Mammal      Summ           100%       N/A       0%          1
 Passwall                 Erth           100%       N/A       0%          3
 Animate Armour           Summ/Erth      100%       N/A       0%          4
 Brom's Barrelling Bould  Conj/Erth      100%       2d11      0%          4
 Lee's Rapid Deconstruct  Erth           61%        3d28*     0%          5
 Apportation              Tloc           80%        N/A       1%          1
 Foxfire                  Conj/Fire      100%       2x1d9     1%          1
 Freeze                   Ice            100%       1d10      1%          1
 Kiss of Death            Conj/Necr      100%       2d13      1%          1
 Magic Dart               Conj           100%       1d8       1%          1
 Necrotise                Necr           100%       1d9       1%          1
 Sting                    Conj/Alch      100%       1d9       1%          1
 Call Imp                 Summ           100%       N/A       1%          2
 Ensorcelled Hibernation  Hex/Ice        100%       N/A       1%          2
 Jinxbite                 Hex            80%        N/A       1%          2
 Mercury Vapours          Alch/Air       86%        N/A       1%          2
 Scorch                   Fire           60%        2d7       1%          2
 Searing Ray              Conj           100%       2d8       1%          2
 Static Discharge         Conj/Air       100%       3-8/arc   1%          2
 Call Canine Familiar     Summ           75%        N/A       1%          3
 Confusing Touch          Hex            40%        N/A       1%          3
 Frozen Ramparts          Ice            90%        1d14      1%          3
 Fugue of the Fallen      Necr           68%        N/A       1%          3
 Hailstorm                Conj/Ice       71%        3d12      1%          3
 Inner Flame              Hex/Fire       35%        N/A       1%          3
 Mephitic Cloud           Conj/Alch/Air  54%        N/A       1%          3
 Sigil of Binding         Hex            40%        N/A       1%          3
 Summon Ice Beast         Ice/Summ       75%        N/A       1%          3
 Tukima's Dance           Hex            40%        N/A       1%          3
 Volatile Blastmotes      Fire/Tloc      70%        2d15      1%          3
 Anguish                  Hex/Necr       28%        N/A       1%          4
 Dispel Undead            Necr           68%        3d23      1%          4
 Flame Wave               Conj/Fire      54%        2d13      1%          4
 Fulminant Prism          Conj/Alch      31%        3d15      1%          4
 Ignite Poison            Fire/Alch      43%        N/A       1%          4
 Iskenderun's Mystic Bla  Conj/Tloc      57%        2d12      (+2d61%     4
 Olgreb's Toxic Radiance  Alch           54%        N/A       1%          4
 Petrify                  Alch/Erth      100%       N/A       1%          4
 Sticky Flame             Fire/Alch      43%        2d8       1%          4
 Summon Blazeheart Golem  Fire/Summ      57%        N/A       1%          4
 Summon Lightning Spire   Summ/Air       57%        N/A       1%          4
 Bombard                  Conj/Erth      54%        9d9       1%          6
 Permafrost Eruption      Ice/Erth       58%        2x4d16    1%          6
 Freezing Cloud           Conj/Ice/Air   31%        6-21      2%          5
 Ozocubu's Armour         Ice            45%        N/A       3%          3
 Airstrike                Air            15%        2d(3-19)  3%          4
 Dimensional Bullseye     Hex/Tloc       20%        N/A       4%          4
 Passage of Golubria      Tloc           40%        N/A       4%          4
 Alistair's Intoxication  Alch           36%        N/A       4%          5
 Starburst                Conj/Fire      27%        6d9       6%          6
 Plasma Beam              Fire/Air       15%        2x1d26    36%         6
 Sculpt Simulacrum        Ice/Alch       29%        N/A       50%         6
 Ozocubu's Refrigeration  Ice            22%        4d12      85%         7
 Manifold Assault         Tloc           20%        N/A       98%         7
 Discord                  Hex            20%        N/A       100%        8
 Death's Door             Necr           34%        N/A       100%        9
 Cigotuvi's Dreadful Rot  Necr/Alch/Air  Unusable   N/A       N/A         2
 Sublimation of Blood     Necr           Unusable   N/A       N/A         2

Dungeon Overview and Level Annotations

Branches:
Dungeon (15/15)            Temple (1/1) D:6            Lair (5/5) D:9
  Swamp (4/4) Lair:3       Spider (4/4) Lair:3        Slime (0/5) Lair:4
    Orc (2/2) D:9             Elf (0/3) Orc:2        Vaults (5/5) D:14
  Crypt (0/3) Vaults:3     Depths (4/4) D:15            Zot (5/5) Depths:4
 WizLab (visited)         Gauntlet (visited)

Altars:
Ashenzari
Cheibriados
Dithmenos
Elyvilon
Fedhas
Gozag
Hepliaklqana
Kikubaaqudgha
Makhleb
Nemelex Xobeh
Okawaru
Qazlal
Ru
Sif Muna
Trog
Uskayaw
Vehumet
Wu Jian
Xom
Yredelemnul
Zin
The Shining One
Jiyva

Shops:
D:4 =   D:5 (   D:12 *   Orc:2 !*=[   Vaults:3 !   Vaults:4 [   Depths:3 [

Portals:
Hell: Depths:1 Depths:2 Depths:3 Depths:4
Abyss: Depths:3
Pandemonium: Depths:2
Ziggurat: Depths:2

Annotations:
D:8 1 runed translucent door
Spider:2 2 transporters, exclusion: orange crystal statue


Innate Abilities, Weirdness & Mutations

You are immune to sickness and miasma.
Your stone body is resilient. (AC +20)
You are immune to poison.
Your large and strong wings let you fly.
You resist negative energy. (rN+)
You are resistant to electric shocks. (rElec)
You are resistant to unholy torment.
You are immune to petrification.
You are clumsy. (Dex -2)
Your body sometimes deteriorates upon taking damage.


Message History

You fly upwards.
There is a stone staircase leading down here.
There is a stone staircase leading up here.
You fly upwards.
There is a stone staircase leading down here.
There is a stone staircase leading up here.
You fly upwards.
There is a stone staircase leading down here.
There is a stone staircase leading up here.
You fly upwards.
There is a stone staircase leading down here.
A tormentor comes into view.
There is an open door here.
There is a stone staircase leading up here.
You fly upwards.
There is a stone staircase leading down here.
There is a stone staircase leading up here.
You fly upwards. 4 hell hounds come into view.
There is a stone staircase leading down here.
The hell hound barks! x3
You fly downwards.
There is a stone staircase leading up here.
There is a stone staircase leading up here.
You fly upwards.
A Brimstone Fiend comes into view.
There is a stone staircase leading down here.
You feel a surge of power!
The crystal spear hits the Brimstone Fiend!!!
The Brimstone Fiend is moderately wounded.
You feel a surge of power!
The crystal spear hits the Brimstone Fiend!!!
You kill the Brimstone Fiend!
Vehumet accepts your kill.
Magic restored.
There is a stone staircase leading up here.
You fly upwards.
There is a stone staircase leading down here.
There is a staircase leading out of the dungeon here.
You have escaped!

#.# ##.##.#.# #♣.♣#.# # #.#
#..##...# #...#.# # #.# #.#####.#
#ß.♣#.# # ####.#########.###.##
#...#.### .†...##.....###.#.##
####♣.♣#.... #######.##.## ##.##
##..#...####. #
##.###.###.#.###.###♣.♣####. #
##...###.#.#.#.#.## #...#....
#####.###.###.#.@.#.## #♣.ß#....
......# #.##.#.#.#.#.## #...#.##.
#####.###.#.###.#.###.###♣.♣#.##.
.....#.....## ##.## ##..#...#.>#.
###'.##.##.####.#.## #####.#...#.
...#.##.##..##.###.#######.....#.
#'.#.##.##....#####.##.[.......#.
.#.#....##.#### #..(...#####.#.##
.#.#.#####.# ######## #.#.#


There were no monsters in sight!

Vanquished Creatures
  5 dread liches
  An ancient lich (Zot:5)
  Tiamat (Zot:1)
  3 orbs of fire
  Mara (Depths:2)
  A juggernaut (Depths:3)
  Boris (twice) (Vaults:5 Zot:2)
  A Killer Klown (Zot:5)
  A curse toe (Zot:3)
  2 caustic shrikes (Depths:4)
  Margery (Depths:4)
  A bone dragon (Depths:4)
  5 golden dragons
  A Brimstone Fiend (D:2)
  2 electric golems
  3 doom hounds (Depths:3)
  12 tentacled monstrosities
  A walking crystal tome (Depths:3)
  A walking earthen tome (Depths:4)
  Grunn (Depths:3)
  A lich (Vaults:5)
  A searing wretch (Depths:4)
  4 titans (Vaults:5)
  A walking divine tome (Depths:3)
  6 quicksilver dragons
  4 Orb Guardians (Zot:5)
  2 acid blobs (Depths:3)
  Frances (Swamp:2)
  3 sphinxes
  4 death cobs
  4 shadow dragons
  6 storm dragons
  6 tengu reavers
  2 deep elf sorcerers (Vaults:5)
  2 rockslimes (Depths:3)
  2 draconian knights
  3 draconian shifters (Zot:1)
  2 fire giants
  8 vault wardens
  5 frost giants
  5 draconian monks
  An iron dragon (Depths:3)
  2 draconian scorchers
  4 emperor scorpions
  4 ghost moths
  2 ghouls (Swamp:3)
  2 balrugs (Depths:2)
  An orc warlord (Vaults:1)
  3 quicksilver oozes (Depths:3)
  3 draconian annihilators
  6 draconian stormcallers
  8 ironbound preservers
  A spriggan defender (Depths:4)
  11 stone giants
  2 eleionomae
  8 very ugly things
  8 black draconians
  6 green draconians
  2 ironbound thunderhulks
  2 lorocyprocas
  7 purple draconians
  5 yellow draconians
  2 bunyips
  A deep elf demonologist (Vaults:5)
  5 dire elephants
  5 red draconians
  6 spark wasps
  A deep elf annihilator (Vaults:3)
  4 war gargoyles
  10 white draconians
  A minotaur (Gauntlet)
  An acid blob zombie (Depths:3)
  An entropy weaver (shapeshifter) (D:13)
  A very ugly thing zombie (Depths:4)
  6 ettins
  3 jiangshi (Depths:4)
  Josephine (D:13)
  A deep elf high priest (Depths:4)
  2 great orbs of eyes
  7 yaktaur captains
  2 rakshasas
  An entropy weaver (Spider:1)
  5 ice dragons
  A shambling mangrove (Swamp:4)
  2 fire dragons
  19 hydras
  Erica (D:10)
  25 vault guards
  An ogre mage (Orc:2)
  4 alligators
  2 catoblepae
  12 centaur warriors
  10 two-headed ogres
  2 ghost crabs
  3 dancing weapons
  8 boulder beetles
  A tengu warrior (Depths:3)
  An occultist (Depths:2)
  A vampire mage (Depths:4)
  7 spriggan berserkers
  A naga sharpshooter (D:13)
  3 deep troll shamans (Depths:2)
  A death yak (Lair:3)
  3 hell hogs (Depths:4)
  4 deep troll earth magi
  2 thrashing horrors (Gauntlet)
  4 demonic crawlers
  An orc high priest (Orc:1)
  The ghost of Dega the Marksspriggan, a journeyman SpHu of Dithmenos (D:11)
  A sun demon (Depths:4)
  Sonja (Lair:2)
  2 soul eaters (Depths:4)
  8 hell knights
  A skyshark (Lair:5)
  4 pharaoh ants (Spider:3)
  A goliath frog (Swamp:4)
  5 iron trolls
  A shadow wraith (Depths:4)
  14 skeletal warriors
  30 deep trolls
  A flayed ghost (Depths:4)
  2 orb spiders (Spider:2)
  2 spriggan druids
  2 spriggan riders
  A sea snake (shapeshifter) (Depths:2)
  4 arcanists
  3 swamp dragons
  A glowing orange brain (Depths:4)
  A sun moth (Spider:1)
  2 steelbarb worms
  A bog body (Swamp:3)
  4 phantasmal warriors (Vaults:5)
  A swamp dragon (shapeshifter) (Vaults:5)
  A tengu zombie (Vaults:5)
  9 ironbound convokers
  A golden dragon skeleton (Vaults:3)
  3 harpies
  3 stone giant zombies
  4 orc knights
  10 wolf spiders
  A hell hog zombie (Depths:4)
  A shining eye (Depths:3)
  12 moths of wrath
  5 necromancers
  4 cyclopes
  16 ugly things
  An orc sorcerer (Orc:2)
  A human skeleton (Vaults:3)
  2 elephants (Lair:3)
  2 frost giant zombies
  Maurice (Orc:1)
  3 will-o-the-wisps
  4 draconian zombies
  5 manticores
  A worldbinder (Gauntlet)
  6 meliai
  A fire giant skeleton (Depths:2)
  A molten gargoyle (D:13)
  3 kobold blastminers
  A frost giant skeleton (Depths:2)
  2 black mambas
  2 stone giant skeletons (Vaults:3)
  11 vault sentinels
  3 torpor snails
  2 elf zombies
  A gargoyle (D:14)
  A black draconian zombie (Depths:4)
  A rime drake (Lair:5)
  2 white draconian zombies
  3 unseen horrors
  4 green draconian zombies
  16 cane toads
  An ice devil (D:9)
  A kobold demonologist (D:11)
  7 komodo dragons
  A yellow draconian zombie (Depths:4)
  A hellion (Depths:2)
  A red draconian zombie (Zot:1)
  4 tengu conjurers
  An efreet (D:14)
  4 freezing wraiths
  20 yaktaurs
  An iron troll zombie (Depths:3)
  A hydra zombie (Swamp:4)
  A golden dragon simulacrum (Depths:2)
  A polar bear (D:13)
  A polar bear (shapeshifter) (Vaults:5)
  A queen bee (D:13)
  A yaktaur skeleton (Vaults:3)
  A bloated husk (Swamp:1)
  12 trolls
  5 hornets
  4 tyrant leeches
  Prince Ribbit (D:5)
  9 tarantellas
  A moth of wrath zombie (Zot:1)
  A glass eye (Depths:4)
  23 blink frogs
  A raiju (D:13)
  8 slime creatures
  10 jumping spiders
  4 spriggan zombies (Depths:3)
  2 ettin zombies
  Sigmund (D:5)
  35 yaks
  9 wraiths
  2 shadows (D:13)
  2 small abominations (Gauntlet)
  3 vampires (D:13)
  11 culicivoras
  9 spriggans
  2 nameless horrors
  3 wyverns
  6 basilisks
  Eustachio (D:5)
  A golden eye (Depths:3)
  3 steam dragons
  An elf skeleton (Vaults:3)
  6 vampire mosquitoes
  7 swamp worms
  A chaos spawn (D:9)
  34 redbacks
  2 acid dragons
  20 human zombies
  Edmund (D:5)
  11 water moccasins
  A deep troll zombie (Depths:4)
  12 orc warriors
  3 swamp drakes (Swamp:4)
  2 sky beasts
  A hornet zombie (Vaults:5)
  6 ice beasts
  2 black bears
  A laughing skull (D:11)
  An ettin simulacrum (Depths:4)
  17 ogres
  5 boggarts
  3 swamp dragon zombies (Swamp:4)
  5 wolves
  8 centaurs
  2 phantoms (D:5)
  7 kobold brigands
  14 bullfrogs
  A gnoll sergeant (D:10)
  2 scorpions
  10 wights
  11 killer bees
  An electric eel (Lair:5)
  A howler monkey (D:4)
  2 bombardier beetles (D:5)
  4 crimson imps (D:9)
  2 jellies (D:7)
  2 hounds
  8 orc priests
  Jessica (D:2)
  2 iguanas
  18 orc wizards
  3 sleepcaps
  Ijyb (D:3)
  7 gnolls
  9 adders
  4 white imps
  3 dart slugs
  2 ribbon worms
  81 orcs
  9 endoplasms
  5 giant cockroaches
  3 goblins
  8 hobgoblins
  7 jackals
  14 kobolds
  5 quokkas
  9 ball pythons
  4 bats (D:1)
  A frilled lizard (D:3)
  6 rats
1272 creatures vanquished.

Vanquished Creatures (collateral kills)
  Frederick (Vaults:3)
  An orb of fire (Zot:3)
  Bai Suzhen (Spider:4)
  A curse toe (Zot:5)
  2 caustic shrikes (Depths:4)
  Arachne (Spider:4)
  A golden dragon (Zot:5)
  15 Orb Guardians (Zot:5)
  9 tentacled monstrosities
  Mlioglotl (Swamp:2)
  A titan (Vaults:5)
  A walking divine tome (Depths:3)
  2 acid blobs (Depths:3)
  A lich (Depths:3)
  2 sphinxes (Depths:3)
  An ancient champion (Vaults:3)
  3 quicksilver dragons
  3 death cobs
  The ghost of Vecarrosh the Bludgeoner, an adept AtBe of Trog (Spider:2)
  2 shadow dragons
  A thorn hunter (Swamp:4)
  3 draconian monks
  5 storm dragons
  A tengu reaver (Depths:3)
  2 azure jellies (Depths:3)
  5 frost giants
  A draconian shifter (Zot:2)
  2 iron dragons
  5 fire giants
  Aizul (Swamp:1)
  A deep elf sorcerer (Vaults:5)
  9 vault wardens
  2 draconian knights (Zot:2)
  2 balrugs
  4 emperor scorpions (Spider:4)
  2 draconian scorchers
  11 ironbound preservers
  A spriggan defender (Depths:4)
  An orc warlord (Vaults:3)
  4 ironbound thunderhulks
  3 quicksilver oozes (Depths:3)
  4 very ugly things
  A draconian annihilator (Zot:1)
  10 stone giants
  A broodmother (Spider:4)
  6 green draconians
  An eleionoma (Swamp:3)
  2 spark wasps
  A deep elf demonologist (Vaults:2)
  2 red draconians
  7 black draconians
  3 yellow draconians
  A purple draconian (Depths:4)
  A bunyip (Swamp:2)
  5 white draconians
  11 dire elephants
  6 ettins
  A crystal guardian (Vaults:2)
  A blizzard demon (Depths:4)
  4 yaktaur captains
  6 fire dragons
  A rakshasa (Depths:2)
  7 entropy weavers
  A peacekeeper (Vaults:2)
  2 ice dragons
  11 vault guards
  2 ogre magi
  6 great orbs of eyes
  9 alligators
  2 ironbound frosthearts
  A jorogumo (Spider:1)
  5 hydras
  2 radroaches (Spider:3)
  A ghost crab (Swamp:2)
  5 boulder beetles
  5 two-headed ogres
  3 centaur warriors (Vaults:4)
  4 demonic crawlers
  A sphinx skeleton (Vaults:3)
  2 hell hogs (Depths:4)
  A death yak (Lair:2)
  6 deep troll earth magi
  A spriggan berserker (Depths:2)
  A vampire mage (Depths:2)
  2 tengu warriors
  5 deep troll shamans
  A soul eater (Depths:4)
  3 sun demons
  2 titan skeletons
  Nergalle (Lair:2)
  A storm dragon zombie (Depths:2)
  2 skysharks
  4 pharaoh ants
  3 iron trolls
  29 deep trolls
  2 skeletal warriors (Vaults:3)
  A golden dragon zombie (Depths:2)
  A glowing orange brain (Depths:3)
  A quicksilver dragon simulacrum (Depths:4)
  4 swamp dragons
  An arcanist (Vaults:3)
  A bog body (Swamp:1)
  4 orb spiders
  2 goliath frogs
  A golden dragon skeleton (Depths:2)
  2 spriggan druids (Swamp:3)
  5 steelbarb worms
  7 harpies
  4 ironbound convokers
  2 orc knights
  A deep elf zephyrmancer (D:15)
  A tengu zombie (Depths:2)
  4 lindwurms
  16 ugly things
  A phantasmal warrior (Vaults:5)
  A stone giant zombie (Vaults:2)
  A necromancer (Depths:2)
  9 wolf spiders
  13 moths of wrath
  2 will-o-the-wisps
  A shadow dragon skeleton (Vaults:3)
  3 elephants (Lair:3)
  A shining eye (Depths:3)
  5 torpor snails
  An ice statue (Depths:4)
  A black mamba (Lair:5)
  A smoke demon (Depths:1)
  7 cane toads
  A molten gargoyle (Depths:2)
  6 vault sentinels
  3 rime drakes
  21 yaktaurs
  2 efreet
  3 human skeletons (Vaults:3)
  2 yaktaur skeletons
  An ice devil (Depths:4)
  A komodo dragon (Lair:3)
  2 trolls
  A freezing wraith (Depths:4)
  5 hornets
  A tengu simulacrum (Depths:2)
  5 tyrant leeches
  4 polar bears
  11 tarantellas
  15 jumping spiders
  8 slime creatures
  5 spriggans
  A wraith (D:13)
  A basilisk (Lair:1)
  9 culicivoras
  2 wyverns
  A shadow (D:12)
  A spriggan zombie (Depths:4)
  9 yaks
  A golden eye (Depths:3)
  A warg (Orc:2)
  A steam dragon (D:10)
  5 vampire mosquitoes
  36 redbacks
  2 swamp worms
  2 deep troll zombies (Depths:3)
  3 water moccasins
  3 orc warriors
  2 ettin simulacra (Depths:4)
  4 ice beasts (D:9)
  5 ogres
  4 swamp drakes
  3 wolves
  A bullfrog (Lair:5)
  2 scorpions (Lair:3)
  A nameless horror (Spider:2)
  3 howler monkeys (D:13)
  2 crimson imps (D:9)
  An orc priest (Orc:1)
  2 orc wizards
  A white imp (D:9)
  A ribbon worm (Lair:3)
  7 orcs
  A giant cockroach (Lair:3)
  A kobold (D:9)
645 creatures vanquished.

Vanquished Creatures (others)
  A titan (Vaults:5)
  Arachne zombie (Spider:4)
  4 very ugly thing zombies
  A fire dragon (Swamp:4)
  A spriggan zombie (Depths:4)
  A shambling mangrove (Swamp:4)
  2 hydras (Swamp:4)
  2 sphinx zombies (Depths:3)
  9 Orb Guardian zombies (Zot:5)
  6 storm dragon zombies
  2 quicksilver ooze zombies (Depths:3)
  An occultist (Depths:2)
  A shadow wraith (Vaults:5)
  A golden dragon zombie (Depths:3)
  A bunyip zombie (Swamp:2)
  3 swamp dragons (Swamp:4)
  5 spark wasp zombies (Depths:3)
  A quicksilver dragon simulacrum (Depths:4)
  5 alligator zombies
  A shadow dragon zombie (Zot:2)
  6 ugly thing zombies
  A goliath frog zombie (Swamp:4)
  3 frost giant zombies
  4 stone giant zombies
  5 wolf spider zombies
  An eleionoma zombie (Swamp:2)
  A hell hog zombie (Depths:4)
  3 fire giant zombies
  4 draconian zombies
  2 centaur zombies
  6 dire elephant zombies
  3 black draconian zombies
  A purple draconian zombie (Zot:2)
  A red draconian zombie (Depths:4)
  A yellow draconian zombie (Zot:5)
  An elf zombie (Vaults:5)
  2 green draconian zombies
  4 orb spider zombies
  4 white draconian zombies
  19 redback zombies
  4 swamp worm zombies
  3 iron troll zombies
  A sea snake zombie (Depths:2)
  2 hornets (Swamp:4)
  9 hydra zombies
  2 demonic crawler zombies
  2 bloated husks (Swamp:2)
  2 harpy zombies
  A moth of wrath zombie (Zot:5)
  2 meliai zombies (D:13)
  A sun moth zombie (Spider:1)
  9 culicivora zombies
  6 jumping spider zombies
  3 ice dragon zombies
  An ettin zombie (Vaults:3)
  5 boulder beetle zombies
  3 tarantella zombies
  A radroach zombie (Spider:3)
  2 fire dragon zombies
  A black mamba zombie (Lair:3)
  4 slime creature zombies
  2 tyrant leech zombies
  24 deep troll zombies
  36 human zombies
  3 tengu zombies (Depths:3)
  4 two-headed ogre zombies (Orc:2)
  2 cane toad zombies
  An entropy weaver zombie (Spider:3)
  2 hornet zombies (Swamp:3)
  A swamp drake (Swamp:4)
  4 swamp dragon zombies
  An elephant zombie (Lair:3)
  8 blink frog zombies
  A manticore zombie (D:15)
  A torpor snail zombie (Lair:3)
  20 yaktaur zombies
  A cyclops zombie (Orc:2)
  A warg zombie (Orc:2)
  3 water moccasin zombies (Lair:3)
  A wyvern zombie (D:9)
  4 troll zombies
  7 yak zombies
  A polar bear zombie (Vaults:5)
  4 wolf zombies
  A bullfrog zombie (Lair:2)
  A basilisk zombie (Lair:5)
  3 scorpion zombies (Lair:3)
  An ice beast zombie (D:9)
  12 ogre zombies
  4 swamp drake zombies
  A ribbon worm zombie (Lair:3)
  A giant cockroach zombie (Lair:3)
  4 gnoll zombies (D:10)
  7 kobold zombies
  16 orc zombies
  4 foxfires
372 creatures vanquished.

Grand Total: 2289 creatures vanquished

Notes
Turn   | Place    | Note
-------+----------+-------------------------------------------
     0 | D:1      | Draconius the Gargoyle Earth Elementalist began the quest
                  | for the Orb.
     0 | D:1      | Reached XP level 1. HP: 10/10 MP: 3/3
   224 | D:1      | Reached XP level 2. HP: 15/15 MP: 1/5
   576 | D:1      | Reached XP level 3. HP: 19/19 MP: 3/6
   581 | D:1      | Learned a level 3 spell: Stone Arrow
  1197 | D:2      | Found a faded altar of an unknown god.
  1462 | D:2      | Reached skill level 5 in Earth Magic
  1462 | D:2      | Reached XP level 4. HP: 23/24 MP: 3/7
  1658 | D:2      | Identified the +7 war axe "Zyguxem" {holy, rPois Dex+3}
  1823 | D:2      | Noticed Jessica
  1826 | D:2      | Killed Jessica
  1827 | D:2      | Reached skill level 1 in Fighting
  2318 | D:3      | Reached XP level 5. HP: 16/29 MP: 3/8
  2775 | D:3      | Noticed Ijyb
  2783 | D:3      | Killed Ijyb
  2947 | D:3      | Found a hazy altar of Hepliaklqana.
  2947 | D:3      | Found a faded altar of an unknown god.
  2950 | D:3      | Noticed a kobold brigand
  2954 | D:3      | Killed a kobold brigand
  3166 | D:3      | Reached XP level 6. HP: 29/35 MP: 6/9
  3344 | D:4      | Found Garghour's Jewellery Shop.
  3471 | D:4      | Learned a level 2 spell: Blink
  3533 | D:4      | Reached skill level 1 in Necromancy
  3745 | D:4      | Noticed a black bear
  3750 | D:4      | Killed a black bear
  3751 | D:4      | Reached XP level 7. HP: 40/40 MP: 9/11
  3778 | D:4      | Found a blossoming altar of Fedhas.
  3833 | D:4      | Found a sparkling altar of Nemelex Xobeh.
  3833 | D:4      | Found a stormy altar of Qazlal.
  4022 | D:4      | Found a snail-covered altar of Cheibriados.
  4572 | D:5      | Entered Level 5 of the Dungeon
  4581 | D:5      | Found a sacrificial altar of Ru.
  4719 | D:5      | Noticed Eustachio
  4731 | D:5      | Killed Eustachio
  4732 | D:5      | Reached skill level 1 in Translocations
  4732 | D:5      | Reached XP level 8. HP: 46/46 MP: 9/13
  4954 | D:5      | Found Giocw's Weapon Boutique.
  5398 | D:5      | Found an iron altar of Okawaru.
  5634 | D:5      | Noticed Prince Ribbit
  5642 | D:5      | Killed Prince Ribbit
  5964 | D:5      | Noticed Sigmund
  6003 | D:5      | Killed Sigmund
  6103 | D:5      | Learned a level 5 spell: Borgnjor's Vile Clutch
  6169 | D:5      | Noticed Edmund
  6174 | D:5      | Killed Edmund
  6175 | D:5      | Reached XP level 9. HP: 51/52 MP: 1/15
  6562 | D:6      | Found a staircase to the Ecumenical Temple.
  6571 | Temple   | Entered the Ecumenical Temple
  6606 | Temple   | Upgraded the game from 0.32-a0-837-g8d3e27d to
                  | 0.32-a0-841-g4648e6c
  6606 | Temple   | Became a worshipper of Vehumet
  6789 | D:6      | Reached skill level 1 in Armour
  6888 | D:6      | Reached skill level 5 in Fighting
  6995 | D:6      | Found a shimmering altar of Xom.
  7537 | D:7      | Reached skill level 5 in Spellcasting
  7537 | D:7      | Reached skill level 10 in Earth Magic
  7562 | D:7      | Reached * piety under Vehumet
  7562 | D:7      | Offered knowledge of Foxfire by Vehumet.
  8179 | D:8      | Reached XP level 10. HP: 60/60 MP: 15/18
  8661 | D:8      | Noticed a cyclops
  8661 | D:8      | Noticed a rakshasa
  8661 | D:8      | Noticed a tengu warrior
  8662 | D:8      | Found a runed translucent door.
  8664 | D:8      | Noticed a cyclops
  8664 | D:8      | Identified the +3 broad axe of Honour {spect, Dex+9}
  8664 | D:8      | Noticed a rakshasa
  8664 | D:8      | Noticed a purple ugly thing
  8664 | D:8      | Noticed a deep elf pyromancer
  8696 | D:8      | Found a shimmering blue altar of Sif Muna.
  9370 | D:9      | Learned a level 4 spell: Animate Dead
  9522 | D:9      | Found a staircase to the Orcish Mines.
  9537 | D:9      | Offered knowledge of Kiss of Death by Vehumet.
  9542 | D:9      | Reached ** piety under Vehumet
  9545 | D:9      | Found a broken altar of Ashenzari.
  9829 | D:9      | Reached skill level 1 in Alchemy
  9835 | D:9      | Reached skill level 5 in Necromancy
  9854 | D:9      | Found a staircase to the Lair.
 10104 | D:9      | Offered knowledge of Scorch by Vehumet.
 10107 | D:9      | Reached skill level 5 in Conjurations
 10208 | D:9      | Found a glowing golden altar of the Shining One.
 10424 | Lair:1   | Entered Level 1 of the Lair of Beasts
 10497 | Lair:1   | Noticed a cane toad
 10500 | Lair:1   | Killed a cane toad
 10618 | Lair:1   | Reached XP level 11. HP: 67/67 MP: 13/20
 10653 | Lair:1   | Reached skill level 1 in Shields
 10780 | Lair:1   | Noticed a catoblepas
 10794 | Lair:1   | Killed a catoblepas
 11480 | Lair:1   | Learned a level 5 spell: Irradiate
 11536 | Lair:2   | Noticed a skyshark
 11542 | Lair:2   | Noticed Nergalle
 11630 | Lair:2   | Noticed Sonja
 11770 | Lair:2   | Killed Sonja
 11835 | Lair:2   | Reached *** piety under Vehumet
 11937 | Lair:2   | Killed Nergalle
 11975 | Lair:2   | Killed a skyshark
 12030 | Lair:2   | Reached XP level 12. HP: 60/75 MP: 7/23
 12168 | Lair:2   | Noticed a death yak
 12175 | Lair:2   | Killed a death yak
 12701 | Lair:2   | Learned a level 5 spell: Iskenderun's Battlesphere
 12738 | Lair:3   | Offered knowledge of Dazzling Flash by Vehumet.
 12742 | Lair:3   | Noticed a four-headed hydra
 12744 | Lair:3   | Noticed a catoblepas
 12744 | Lair:3   | Noticed an eight-headed hydra
 12744 | Lair:3   | Noticed a six-headed hydra
 12909 | Lair:3   | Noticed a six-headed hydra
 12916 | Lair:3   | Killed a six-headed hydra
 13022 | Lair:3   | Reached skill level 5 in Alchemy
 13168 | Lair:3   | Noticed a death yak
 13181 | Lair:3   | Killed a death yak
 13394 | Lair:3   | Got the Encyclopedia of the Maze
 13488 | Lair:3   | Reached **** piety under Vehumet
 13717 | Lair:3   | Killed a four-headed hydra
 13729 | Lair:3   | Reached skill level 10 in Fighting
 13742 | Lair:3   | Found a hole to the Spider Nest.
 13744 | Lair:3   | Noticed a four-headed hydra
 13752 | Lair:3   | Killed a four-headed hydra
 13880 | Lair:3   | Killed an eight-headed hydra
 13947 | Lair:3   | Killed a six-headed hydra
 13948 | Lair:3   | Reached XP level 13. HP: 73/83 MP: 15/26
 14072 | Lair:3   | Offered knowledge of Iskenderun's Mystic Blast by Vehumet.
 14107 | Lair:3   | Found a staircase to the Swamp.
 14739 | Lair:4   | Reached skill level 1 in Summonings
 14864 | Lair:4   | Found a viscous altar of Jiyva.
 14865 | Lair:4   | Found a staircase to the Slime Pits.
 15194 | Lair:4   | Found a shimmering altar of Xom.
 15602 | Lair:5   | Entered Level 5 of the Lair of Beasts
 16112 | Lair:5   | Reached skill level 10 in Spellcasting
 16157 | Lair:5   | Reached skill level 15 in Earth Magic
 16322 | Lair:5   | Reached skill level 5 in Summonings
 16450 | Lair:5   | Gained mutation: Your large and strong wings let you fly.
                  | [Gargoyle growth]
 16450 | Lair:5   | Reached XP level 14. HP: 91/91 MP: 28/28
 16567 | Lair:5   | Identified the +6 flail "Degerib" {pain, Dex+3}
 16617 | Lair:5   | Reached ***** piety under Vehumet
 16816 | Lair:5   | Offered knowledge of Starburst by Vehumet.
 17649 | D:10     | Entered Level 10 of the Dungeon
 18295 | D:10     | Found a burning altar of Makhleb.
 18341 | D:10     | Noticed Erica
 18346 | D:10     | Killed Erica
 18759 | D:11     | Found a runed translucent door.
 18760 | D:11     | Noticed Dega's ghost (journeyman SpHu)
 18760 | D:11     | Identified the +6 trident of Duty {drain, *Slow rElec SInv}
 19198 | D:11     | Identified the +3 short sword of the Enemy {freeze, rPois
                  | rF+ rN++}
 20094 | D:11     | Killed Dega's ghost
 20346 | D:12     | Reached skill level 5 in Shields
 20356 | D:12     | Found a gate leading to a gauntlet.
 20366 | Gauntlet | Entered a Gauntlet
 20366 | Gauntlet | Found a transporter.
 20366 | Gauntlet | Found a transporter.
 20366 | Gauntlet | Found a transporter.
 20402 | Gauntlet | Found a transporter.
 20403 | Gauntlet | Found a transporter.
 20404 | Gauntlet | Found the ring of Shadows {Umbra +Inv Stlth+}
 20406 | Gauntlet | Found a transporter.
 20412 | Gauntlet | Found a runed translucent gate.
 20412 | Gauntlet | Found a transporter.
 20414 | Gauntlet | Found a transporter.
 20415 | Gauntlet | Found a runed translucent gate.
 20415 | Gauntlet | Found a transporter.
 20416 | Gauntlet | Found a runed translucent gate.
 20417 | Gauntlet | Found a transporter.
 20421 | Gauntlet | Found a runed translucent door.
 20421 | Gauntlet | Found a runed translucent door.
 20425 | Gauntlet | Found a transporter.
 20425 | Gauntlet | Found a transporter.
 20433 | Gauntlet | Noticed a balrug
 20812 | Gauntlet | Identified the +4 acid dragon scales "Ekhlines" {rPois
                  | rCorr Str+5 Dex+4}
 20864 | Gauntlet | Identified the +2 hat of the Fletcher {^Contam rF+ rN+
                  | rCorr}
 21039 | Gauntlet | Identified the staff of the Shouting Dragonfly {rC+ Str+3
                  | Ice Earth}
 21095 | D:12     | Found Hilauxoid's Overcharged Wands.
 21118 | D:12     | HP: 3/92 [very large slime creature (27)]
 21936 | D:13     | Reached XP level 15. HP: 54/97 MP: 9/30
 21938 | D:13     | Reached skill level 1 in Evocations
 22124 | D:13     | Offered knowledge of Yara's Violent Unravelling by Vehumet.
 22136 | D:13     | Learned a level 5 spell: Yara's Violent Unravelling
 22332 | D:13     | Reached skill level 1 in Hexes
 22941 | D:13     | Noticed Josephine
 22967 | D:13     | Killed Josephine
 23371 | D:13     | Found a sparkling altar of Nemelex Xobeh.
 23868 | D:13     | Identified the ring "Joymutin" {rF+++ Will- rCorr AC+4
                  | Dex-4}
 24639 | D:14     | Found a gate to the Vaults.
 25006 | D:15     | Entered Level 15 of the Dungeon
 25272 | D:15     | Found a staircase to the Depths.
 25381 | D:15     | Reached skill level 5 in Evocations
 25533 | D:15     | Reached XP level 16. HP: 104/104 MP: 31/31
 26155 | Orc:1    | Entered Level 1 of the Orcish Mines
 26257 | Orc:1    | Reached ****** piety under Vehumet
 26263 | Orc:1    | Offered knowledge of Orb of Destruction by Vehumet.
 26550 | Orc:2    | Entered Level 2 of the Orcish Mines
 26779 | Orc:2    | Reached skill level 10 in Summonings
 26818 | Orc:2    | Found Zuit's General Store.
 26825 | Orc:2    | Found Duukk's Armour Emporium.
 26842 | Orc:2    | Found Varairu's Distillery.
 26844 | Orc:2    | Bought a potion of heal wounds for 60 gold pieces
 26844 | Orc:2    | Bought a potion of curing for 36 gold pieces
 26844 | Orc:2    | Bought a potion of enlightenment for 60 gold pieces
 26855 | Orc:2    | Bought a +2 pair of gloves of strength for 322 gold pieces
 26862 | Orc:2    | Found Tinyumpi's Jewellery Shoppe.
 26866 | Orc:2    | Bought a potion of cancellation for 104 gold pieces
 26866 | Orc:2    | Bought a potion of heal wounds for 65 gold pieces
 26954 | Orc:2    | Found a staircase to the Elven Halls.
 27093 | Orc:2    | Learned a level 7 spell: Spellforged Servitor
 27137 | Orc:1    | Offered knowledge of Ozocubu's Refrigeration by Vehumet.
 27202 | Orc:1    | Noticed Maurice
 27206 | Orc:1    | Killed Maurice
 27426 | Swamp:1  | Entered Level 1 of the Swamp
 27473 | Swamp:1  | Identified a scroll of acquirement
 27474 | Swamp:1  | Acquired the +3 pair of boots of Limitation {Will+ Dex+4}
 27487 | Swamp:1  | Identified the +1 leather armour of the Zebra {rN++ Int+4}
 27690 | Swamp:1  | Identified the serpent talisman of Guogupt {rElec Str-4
                  | Dex+3}
 27690 | Swamp:1  | Noticed Aizul
 27696 | Swamp:1  | Killed Aizul
 28074 | Swamp:2  | Noticed Frances
 28081 | Swamp:2  | Killed Frances
 28112 | Swamp:2  | Noticed Mlioglotl
 28120 | Swamp:2  | Killed Mlioglotl
 28160 | Swamp:2  | Your ally Frances died
 28673 | Swamp:3  | Reached XP level 17. HP: 111/112 MP: 23/33
 28694 | Swamp:3  | Identified the +0 chain mail of Kathenotheism {+Blink}
 28783 | Swamp:3  | Reached skill level 10 in Conjurations
 29317 | Swamp:4  | Entered Level 4 of the Swamp
 29322 | Swamp:4  | Offered knowledge of Eringya's Noxious Bog by Vehumet.
 29679 | Swamp:4  | Reached skill level 10 in Shields
 29684 | Swamp:4  | Reached skill level 15 in Fighting
 29710 | Swamp:4  | Identified the +3 robe "Tolodwu" {rF+ rC+}
 29720 | Swamp:4  | Got a decaying rune of Zot
 30317 | Vaults:1 | Entered Level 1 of the Vaults
 30799 | Vaults:1 | Reached XP level 18. HP: 119/119 MP: 19/36
 30863 | Vaults:1 | Identified the +0 ring mail of Okawaru, Brewing {Str+2
                  | Dex+5}
 32073 | Vaults:2 | Offered knowledge of Arcjolt by Vehumet.
 32848 | Vaults:2 | Reached skill level 15 in Spellcasting
 33592 | Vaults:3 | Found a magical portal.
 33601 | WizLab   | Entered Lehudib's Moon Base
 33754 | Vaults:3 | Reached XP level 19. HP: 121/125 MP: 12/38
 33760 | Vaults:3 | Offered knowledge of Conjure Ball Lightning by Vehumet.
 33891 | Vaults:3 | You are sucked into a shaft and drop 1 floor!
 33982 | Vaults:4 | Found the amulet of Vitality {Regen++ RegenMP++}
 34403 | Vaults:4 | Learned a level 8 spell: Lehudib's Crystal Spear
 34421 | Vaults:4 | Found Raquojan's Armour Shop.
 34739 | Vaults:3 | Reached XP level 20. HP: 132/132 MP: 40/40
 34948 | Vaults:3 | Found a staircase to the Crypt.
 35262 | Vaults:3 | Identified the +2 robe "Faxkimibb" {rPois rF+ Int+2}
 35370 | Vaults:3 | Found Pupajam's Distillery.
 35379 | Vaults:3 | Bought a potion of brilliance for 80 gold pieces
 35616 | Vaults:3 | Offered knowledge of Shatter by Vehumet.
 35616 | Vaults:3 | Offered knowledge of Chain Lightning by Vehumet.
 35616 | Vaults:3 | Offered knowledge of Ignition by Vehumet.
 35696 | Vaults:3 | Identified the orb of the Vacuum {*channel, Int+2 Slay+2
                  | Hexes}
 35696 | Vaults:3 | Noticed Frederick
 35710 | Vaults:3 | Killed Frederick
 36100 | Vaults:4 | Reached XP level 21. HP: 139/139 MP: 36/41
 36677 | Spider:1 | Entered Level 1 of the Spider Nest
 36886 | Spider:1 | Learned a level 9 spell: Shatter
 36940 | Spider:1 | Identified the +7 sling "Bag Rogi" {drain, rPois}
 37738 | Spider:2 | You are sucked into a shaft and drop 1 floor!
 39145 | Spider:2 | Found a transporter.
 39201 | Spider:2 | Found a transporter.
 39795 | Spider:2 | Found a runed translucent gate.
 39795 | Spider:2 | Found a runed translucent gate.
 39795 | Spider:2 | Found a runed translucent gate.
 39795 | Spider:2 | Noticed Vecarrosh's ghost (adept AtBe)
 39826 | Spider:2 | Killed Vecarrosh's ghost
 39920 | Spider:4 | Entered Level 4 of the Spider Nest
 40155 | Spider:4 | Identified the dragon-blood talisman of Kathenotheism
                  | {Str+3 Dex+4}
 40155 | Spider:4 | Noticed Bai Suzhen
 40165 | Spider:4 | Noticed Arachne
 40170 | Spider:4 | Killed Bai Suzhen
 40175 | Spider:4 | Killed Arachne
 40257 | Spider:4 | Reached skill level 15 in Shields
 40279 | Spider:4 | Your ally Arachne died
 40319 | Spider:4 | Your ally Bai Suzhen died
 40332 | Spider:4 | Reached XP level 22. HP: 146/146 MP: 15/44
 40395 | Spider:4 | Got a gossamer rune of Zot
 41007 | Depths:1 | Entered Level 1 of the Depths
 41677 | Depths:1 | Found the +18 Lear's hauberk
 41680 | Depths:1 | Found a gateway to Hell.
 41689 | Depths:1 | Identified the +1 chain mail "Geolun" {rC- Str+7}
 41849 | Depths:2 | Noticed Mara
 41856 | Depths:2 | Killed Mara
 42049 | Depths:2 | Found a one-way gateway to a ziggurat.
 42814 | Depths:2 | Got Dewoz's Monograph on Frosty Rot
 42819 | Depths:2 | Identified the amulet of Xom's Condemnation {Reflect SH+5
                  | SInv}
 43094 | Depths:2 | Found a one-way gate leading to the halls of Pandemonium.
 43187 | Depths:3 | Reached XP level 23. HP: 138/153 MP: 7/46
 43298 | Depths:3 | Found Xeam Pen's Antique Armour Boutique.
 43358 | Depths:3 | Reached skill level 10 in Evocations
 43474 | Depths:3 | Found a viscous altar of Jiyva.
 43675 | Depths:3 | Noticed a juggernaut
 43684 | Depths:3 | Killed a juggernaut
 43720 | Depths:3 | Noticed Grunn
 43730 | Depths:3 | Noticed a golden dragon
 43731 | Depths:3 | Killed Grunn
 43739 | Depths:3 | Killed a golden dragon
 43910 | Depths:3 | Found the +8 longbow "Zephyr" {speed, Dex+3 SInv}
 43914 | Depths:3 | Got Sif Muna's Volume of Singed Scree
 44086 | Depths:3 | Found a one-way gate to the infinite horrors of the Abyss.
 44503 | Depths:3 | Found a blossoming altar of Fedhas.
 44535 | Depths:3 | Upgraded the game from 0.32-a0-841-g4648e6c to
                  | 0.32-a0-859-gb0a091d
 44538 | Depths:4 | Entered Level 4 of the Depths
 44727 | Depths:4 | Found a radiant altar of Vehumet.
 44737 | Depths:4 | Identified the +3 ring mail "Jileca Cull" {Stlth+}
 44777 | Depths:4 | Noticed a golden dragon
 44785 | Depths:4 | Killed a golden dragon
 44786 | Depths:4 | Reached XP level 24. HP: 85/161 MP: 18/47
 44870 | Depths:4 | Found a gate to the Realm of Zot.
 45051 | Depths:4 | Found a blossoming altar of Fedhas.
 45182 | Depths:4 | Acquired a book of Decay
 45189 | Depths:4 | Learned a level 4 spell: Martyr's Knell
 45209 | Depths:4 | Found a basalt altar of Yredelemnul.
 45230 | Depths:4 | Noticed Margery
 45234 | Depths:4 | Killed Margery
 45377 | Depths:4 | Found a broken altar of Ashenzari.
 45521 | Depths:4 | Noticed a caustic shrike
 45522 | Depths:4 | Noticed a caustic shrike
 45522 | Depths:4 | Noticed a caustic shrike
 45524 | Depths:4 | Noticed a caustic shrike
 45528 | Depths:4 | Killed a caustic shrike
 45529 | Depths:4 | Killed a caustic shrike
 45531 | Depths:4 | Killed a caustic shrike
 45532 | Depths:4 | Killed a caustic shrike
 45886 | Vaults:5 | Entered Level 5 of the Vaults
 45893 | Vaults:5 | Reached skill level 5 in Dodging
 45906 | Vaults:5 | Identified the +2 robe of Vampiric Thralls {rC+ Will+ Str-5
                  | Int+2}
 45906 | Vaults:5 | Noticed Boris
 45910 | Vaults:5 | Killed Boris
 45910 | Vaults:5 | Noticed a dread lich
 46023 | Vaults:5 | Killed a dread lich
 46024 | Vaults:5 | Noticed a dread lich
 46025 | Vaults:5 | Reached XP level 25. HP: 136/168 MP: 47/48
 46028 | Vaults:5 | Killed a dread lich
 46028 | Vaults:5 | Noticed a dread lich
 46031 | Vaults:5 | Killed a dread lich
 46052 | Vaults:5 | Identified the +10 falchion of Salt {drain, rF+ rCorr
                  | Str+3}
 46449 | Vaults:5 | Identified the ring "Mautzebig" {Wiz rC- Dex+6}
 46502 | Vaults:5 | Identified the +3 shortbow "Pack" {heavy, rF++}
 46800 | Vaults:5 | Identified the +7 triple sword "Concordance" {speed, rPois
                  | rC+ Dex+2}
 46852 | Vaults:5 | Found the +7 mace of Variability {chaos, chaos arc}
 46996 | Vaults:5 | Got a silver rune of Zot
 47216 | Vaults:5 | Found the +4 robe of Folly {Brill Will-∞ Int+8}
 47225 | Vaults:5 | Identified the +3 spear "Vijof" {flame, Fly rPois Int+3}
 47540 | Zot:1    | Entered Level 1 of the Realm of Zot
 47540 | Zot:1    | Noticed an orb of fire
 47541 | Zot:1    | Gained mutation: You are clumsy. (Dex -2) [an orb of fire]
 47544 | Zot:1    | Killed an orb of fire
 47570 | Zot:1    | Found the +3 salamander hide armour {Flames, rFlCloud rF++
                  | rC--}
 47572 | Zot:1    | Found the +4 dragonskin cloak {Aegis}
 47572 | Zot:1    | Noticed Tiamat
 47605 | Zot:1    | Killed Tiamat
 47662 | Zot:1    | Identified the +1 rapier "Juecsus" {spect, rElec}
 48317 | Zot:1    | Learned a level 6 spell: Death Channel
 48542 | Zot:2    | Reached XP level 26. HP: 149/176 MP: 22/49
 48574 | Zot:2    | You are sucked into a shaft and drop 1 floor!
 48678 | Zot:3    | Noticed an orb of fire
 48688 | Zot:3    | Killed an orb of fire
 49037 | Zot:3    | Identified the +0 leather armour "Dyatiaz" {rF+ rN+ Will+}
 49132 | Zot:4    | Identified the +1 ring mail of Yredelemnul's Wrath {rElec
                  | rPois rF+}
 49163 | Zot:5    | Entered Level 5 of the Realm of Zot
 49566 | Zot:5    | Noticed a dread lich
 49577 | Zot:5    | Killed a dread lich
 49595 | Zot:5    | Noticed an orb of fire
 49597 | Zot:5    | Noticed an orb of fire
 49599 | Zot:5    | Noticed a Killer Klown
 49599 | Zot:5    | Noticed an ancient lich
 49601 | Zot:5    | Noticed a dread lich
 49606 | Zot:5    | Killed a Killer Klown
 49607 | Zot:5    | Killed an orb of fire
 49610 | Zot:5    | Killed a dread lich
 49611 | Zot:5    | Reached skill level 10 in Dodging
 49614 | Zot:5    | Gained mutation: Your body sometimes deteriorates upon
                  | taking damage. [an orb of fire]
 49619 | Zot:5    | Killed an ancient lich
 49624 | Zot:5    | Killed an orb of fire
 49721 | Zot:5    | Noticed an ancient lich
 49723 | Zot:5    | Got the Orb of Zot
 49805 | Zot:4    | Noticed a seraph
 49893 | Zot:2    | Identified the +4 robe of Wariness {Will+ SInv}
 49893 | Zot:2    | Noticed Boris
 49897 | Zot:2    | Killed Boris
 49903 | Zot:2    | Noticed Ashi the pandemonium lord
 50381 | D:$      | Escaped with the Orb!

Illustrated notes

Levels and vault maps discovered:
D:1:      minmay_arrival_diagonal_passages, layout_loops_ring, minivault_11,
          chequers_avenue, minmay_bisected
D:2:      layout_loops_corners, basic_ecumenical_altar, uniq_jessica
D:3:      layout_loops_ring, beargit_hepliaklqana_dungeon_heroes, st_stairs_8,
          uniq_ijyb
D:4:      minmay_opposing_rooms, layout_gridville, lemuel_tele_altar,
          overflow_temple_1_default, gammafunk_temple_overflow_wave,
          nicolae_stop_n_shop_1, serial_bayou_pond_a, serial_bayou_crossing
D:5:      layout_layer_cave, mainiacjoe_overflow_brackets,
          okawaru_metal_pillars_1_2, serial_shops, nicolae_shop_waterfront,
          chequers_serial_rivers_room_a, sigmund_edmund_badplayer,
          uniq_prince_ribbit1, uniq_eustachio
D:6:      layout_rooms, overflow_temple_1_default, minmay_temple_entry_slanted
D:7:      layout_rooms, chequers_serial_rivers_small_b
D:8:      minmay_gate_of_8, layout_basic, led_sif_book
D:9:      layout_long_grid, nicolae_ashenzari_panopticon, tso_altar,
          hellmonk_lair_entry_icy, orc_0_dummy, minmay_splitting_lines,
          grunt_decor_resistance, minmay_nine_imps
D:10:     layout_irregular_city, lemuel_crystal_altar, uniq_erica
D:11:     minmay_curly_fans, layout_loops_ring, ebering_ghost_funeral_grove,
          centaur_isle
D:12:     layout_big_octagon, gauntlet_entry_generic, kb_lookout_dungeons_type,
          nicolae_shop_overcharged_wands
D:13:     regret_index_nemelex_summoning_deck_glade, layout_small_grid,
          serial_undead, serial_undead_f, serial_undead_a, serial_undead_f,
          serial_undead_d, uniq_josephine
D:14:     layout_gridville, erik_vaults_1, minmay_stone_trees_medium
D:15:     hangedman_depths_entry_try_elsewhere_first, layout_irregular_city,
          chequers_mini_garden
Temple:   hellmonk_temple_beads
Lair:1:   layout_long_grid
Lair:2:   layout_misc_corridors, nicolae_volcano_entry_hallway,
          grunt_forest_large_clearing_hut, uniq_sonja, uniq_nergalle
Lair:3:   nzn_winding_woodlands_small [nzn_winding_woodlands_5x15_cabin,
          nzn_winding_woodlands_center_garden,
          nzn_winding_woodlands_5x15_pockets], layout_loops_ring, swamp_mist,
          nicolae_spider_entry_non_spiders, infiniplex_staircase_pool_2
Lair:4:   layout_regular_city, slime_entry_1, basic_altar
Lair:5:   minmay_lair_end_frog_pond, layout_regular_city
Swamp:1:  nicolae_swamp_ascending_descending, layout_basic_swamp,
          evilmike_swamp_ruin_house_4, nicolae_swamp_decorative_isthmus,
          uniq_aizul
Swamp:2:  layout_falls_marsh, evilmike_swamp_ruin_house_3, uniq_mlioglotl,
          uniq_frances
Swamp:3:  layout_falls_marsh, evilmike_swamp_ruin_house_1, swamp_pool_1_2,
          hangedman_swamp_pad, nzn_swamp_dancing_lights,
          infiniplex_staircase_pool
Swamp:4:  swamp, layout_basic_swamp
Spider:1: layout_cave_pods
Spider:2: gammafunk_sealed_arena, ebering_ghost_rock_garden
Spider:3: layout_chambers, nicolae_spider_nooks_and_crannies
Spider:4: grunt_spider_rune_circles, nicolae_spider_rock_and_or_roll,
          uniq_arachne, uniq_bai_suzhen
Orc:1:    layout_caves, uniq_maurice
Orc:2:    st_orc_open, layout_caves
Vaults:1: ontoclasm_vaults_pinch, nicolae_vaults_tetromino_T_1,
          grunt_vaults_hallway_long, nicolae_vaults_tetromino_T_1,
          nicolae_vaults_double_plus_2, vaults_room_octagon,
          vaults_standard_mumra_enter_the_diamond, vaults_dpeg_emergency_exit,
          nicolae_vaults_little_squares_5, nicolae_vaults_alarming, v_misc_18,
          nicolae_vaults_network_periphery, v_pattern_4,
          nicolae_vaults_holding_cells, layout_vaults_omnibox
Vaults:2: nicolae_vaults_double_plus_3, nicolae_vaults_mini_display_case,
          nicolae_vaults_layer_cake_slice, ontoclasm_vaults_gateway,
          nicolae_vaults_shelves_hall, ontoclasm_vaults_hangar,
          nicolae_vaults_security_offices_1, nicolae_vaults_tangram_1,
          v_pattern_2, nicolae_vaults_trapezoid_lopsided_2,
          nicolae_vaults_ring_of_whatevers, layout_vaults_omnicross
Vaults:3: mu_enter_wizlab_6, hangedman_vaults_cutoff,
          minmay_crypt_entry_skeletal_spiral, nicolae_vaults_house_3,
          hangedman_vaults_cutoff, v_misc_26, nicolae_vaults_mush_room,
          ontoclasm_vaults_fault, nicolae_vaults_circle_grid_b,
          nicolae_vaults_more_shelving_2, ontoclasm_vaults_idyll,
          vaults_dpeg_ring, grunt_vaults_funnel, v_misc_10,
          nicolae_vaults_diamond_1, nicolae_vaults_tetromino_Z_1,
          layout_vaults_ring, serial_shops, nicolae_shop_stone, uniq_frederick
Vaults:4: nicolae_vaults_offset_grid_hallway_1, vaults_room_pool,
          nicolae_vaults_network_square, nicolae_vaults_rhombus_5,
          grunt_vaults_hallway_short, vaults_room_glass_cross,
          vaults_room_large_hall, nicolae_vaults_trapezoid_layered,
          nicolae_vaults_tetromino_Z_1, nicolae_vaults_trapezoid_lopsided_4,
          nicolae_vaults_taking_the_gang_shopping, v_misc_1,
          layout_vaults_chaotic_city
Vaults:5: uniq_boris
Depths:1: layout_cave_shapes, lightli_too_deep, chequers_serial_rivers_micro_a,
          nicolae_letterblocks [nicolae_letter_subblock,
          nicolae_letter_subblock, nicolae_letter_subblock,
          nicolae_letter_subblock, nicolae_letter_subblock,
          nicolae_letter_subblock, nicolae_letter_subblock,
          nicolae_letter_subblock, nicolae_letter_subblock,
          nicolae_letter_subblock, nicolae_letter_subblock,
          nicolae_letter_subblock, nicolae_letter_subblock,
          nicolae_letter_subblock, nicolae_letter_subblock,
          nicolae_letter_subblock, nicolae_letter_subblock,
          nicolae_letter_subblock, nicolae_letter_subblock,
          nicolae_letter_subblock, nicolae_letter_subblock,
          nicolae_letter_subblock, nicolae_letter_subblock,
          nicolae_letter_subblock, nicolae_letter_subblock]
Depths:2: minmay_the_grid_3x2 [minmay_the_grid_tree, minmay_the_grid_spikes,
          minmay_the_grid_minigrid_medium, minmay_the_grid_diamond_grid,
          minmay_the_grid_embedded, minmay_the_grid_prize_diamond_cup],
          layout_gridlike, enter_ziggurat_b, minmay_misc_feat_more_columns,
          grunt_pan_entry_in_and_out, pf_dread_powers_of_hell,
          minmay_door_square, uniq_mara
Depths:3: minmay_rotating_shell, layout_long_grid, abyss_entry, serial_shops,
          shop_statue, pf_hell_entry_tar_spiral, special_room
          [special_room_jelly], fedhas_altar_1, minmay_misc_feat_alley,
          uniq_josephina, uniq_grunn
Depths:4: grunt_profane_halls [grunt_zot_portal, grunt_profane_temple_tar,
          grunt_profane_temple_geh, grunt_profane_temple_coc,
          grunt_profane_temple_dis], hell_entry, uniq_margery
Zot:1:    layout_cellular_growth, uniq_tiamat
Zot:2:    layout_gridlike, regret_index_zotdec_wing_it, zot_minivault_1
Zot:3:    grunt_deathspiral_small, layout_onion_interference
Zot:4:    gammafunk_the_bubble [the_bubble_gammafunk_grid], layout_gridlike,
          hangedman_zot_decor_checkerboard
Zot:5:    layout_twisted_circle

Skill      XL: |  1  2  3  4  5  6  7  8  9 10 11 12 13 14 15 16 17 18 19 20 21 22 23 24 25 26 |
---------------+-------------------------------------------------------------------------------+-----
Earth Magic    | 4 5 6 7 9 10 11 12 14 15 16 17 18 19 20 22 23 | 23.1
Conjurations   | 2 3 4 5 6 7 8 9 10 | 10.0
Fighting       | 1 2 3 4 5 7 8 10 11 12 13 14 15 16 17 18 19 20 21 | 21.7
Dodging        | 2 3 5 8 10 | 10.0
Necromancy     | 1 2 3 4 5 6 9 |  9.5
Spellcasting   | 3 4 5 6 7 9 10 11 12 14 15 16 18 19 20 21 22 23 | 23.1
Translocations | 1 2 |  2.0
Armour         | 3 4 |  4.0
Alchemy        | 2 3 5 |  5.0
Shields        | 4 5 7 8 10 11 13 14 15 16 17 | 17.0
Summonings     | 5 7 9 10 11 12 | 12.0
Evocations     | 5 7 9 12 | 12.0
Hexes          | 2 |  2.0
Stealth        | |  2.1

Action                     |  1- 3 |  4- 6 |  7- 9 | 10-12 | 13-15 | 16-18 | 19-21 | 22-24 | 25-27 || total
---------------------------+-------+-------+-------+-------+-------+-------+-------+-------+-------++-------
  Melee: Trident           |     8 |       |       |       |       |       |    25 |    13 |       ||    46
         War axe           |       |     5 |     2 |       |     3 |       |       |       |       ||    10
         Dire flail        |       |       |       |    59 |    16 |       |       |       |       ||    75
         Short sword       |       |       |       |       |     6 |       |       |       |       ||     6
         Staff             |       |       |       |       |    12 |     8 |     5 |    18 |    12 ||    55
  Throw: Javelin           |       |    11 |     1 |       |       |       |       |       |       ||    12
         Dart              |       |     6 |     6 |       |     7 |       |       |       |     1 ||    20
         Throwing net      |       |       |       |       |     2 |       |       |       |       ||     2
   Cast: Sandblast         |    49 |    57 |   147 |   153 |   426 |   261 |    16 |       |     3 ||  1112
         Stone Arrow       |       |     1 |    25 |    15 |    43 |    20 |   207 |    61 |    29 ||   401
         Borgnjor's Vile C |       |       |       |    57 |   125 |   165 |   167 |   181 |   104 ||   799
         Animate Dead      |       |       |       |    10 |    21 |    24 |    18 |    21 |    12 ||   106
         Irradiate         |       |       |       |     3 |    24 |    12 |     6 |     5 |    14 ||    64
         Iskenderun's Batt |       |       |       |     2 |    81 |    28 |     3 |       |       ||   114
         Spellforged Servi |       |       |       |       |       |    67 |    77 |    59 |    46 ||   249
         Yara's Violent Un |       |       |       |       |       |    26 |    25 |    27 |     1 ||    79
         Shatter           |       |       |       |       |       |       |       |    36 |    22 ||    58
         Lehudib's Crystal |       |       |       |       |       |       |       |    69 |    87 ||   156
         Martyr's Knell    |       |       |       |       |       |       |       |     2 |     2 ||     4
         Death Channel     |       |       |       |       |       |       |       |       |     4 ||     4
  Evoke: Wand              |       |     2 |     3 |       |    14 |       |     4 |       |       ||    23
         Phantom mirror    |       |       |       |       |     1 |       |       |       |     1 ||     2
         Tin of tremorston |       |       |       |       |     1 |     3 |       |     1 |       ||     5
    Use: Scroll            |       |       |    12 |     7 |    10 |     9 |     4 |     2 |    11 ||    55
         Potion            |       |       |       |     1 |     6 |     1 |     3 |     4 |    12 ||    27
   Stab: Distracted        |       |       |       |     1 |       |       |       |     1 |       ||     2
 Armour: Robe              |    11 |    37 |    52 |   194 |   147 |   110 |   162 |   192 |   195 ||  1100
         Troll leather arm |       |       |       |       |   304 |    32 |       |       |       ||   336
         Leather armour    |       |       |       |       |       |   101 |       |       |       ||   101
  Dodge: Dodged            |    11 |    11 |    44 |   124 |   205 |   109 |    68 |    29 |    63 ||   664
  Block: Buckler           |       |       |       |       |    12 |    70 |    24 |       |       ||   106
         Tower shield      |       |       |       |       |       |       |   230 |   195 |   170 ||   595
         Reflection        |       |       |       |       |       |       |       |     2 |     1 ||     3

Table legend: (Time is in decaauts)
 A = Elapsed time spent in this place.
 B = Non-inter-level travel time spent in this place.
 C = Inter-level travel time spent in this place.
 D = Time resting spent in this place.
 E = Time spent auto-exploring this place.
 F = Levels seen in this place.
 G = Mean time per level.
                   A        B        C        D        E       F      G
               +--------+--------+--------+--------+--------+-----+--------+
         Total |  51054 |  46384 |   4670 |   5896 |  26567 |  47 | 1086.3 |
       Dungeon |  19578 |  17439 |   2139 |   1922 |  11489 |  15 | 1305.2 |
        Temple |     50 |     22 |     28 |      0 |      0 |   1 |   50.0 |
          Lair |   7664 |   6945 |    719 |   1897 |   3365 |   5 | 1532.8 |
         Swamp |   2715 |   2525 |    190 |    519 |   1244 |   4 |  678.8 |
   Spider Nest |   4123 |   3922 |    201 |    125 |   2350 |   4 | 1030.8 |
  Orcish Mines |   1213 |   1080 |    133 |     37 |    571 |   2 |  606.5 |
        Vaults |   7717 |   7090 |    627 |    719 |   4134 |   5 | 1543.4 |
        Depths |   4936 |   4517 |    419 |    146 |   2738 |   4 | 1234.0 |
           Zot |   2339 |   2128 |    211 |    214 |    675 |   5 |  467.8 |
        Wizlab |     23 |     23 |      0 |      0 |      0 |   1 |   23.0 |
      Gauntlet |    692 |    692 |      0 |    317 |      0 |   1 |  692.0 |
               +--------+--------+--------+--------+--------+-----+--------+

Top non-repeatable levels by time:
    D:13: 2142 daAuts
    D:11: 2023 daAuts
     D:5: 2012 daAuts
  Lair:3: 1877 daAuts
Vaults:4: 1826 daAuts
Vaults:2: 1780 daAuts
  Lair:5: 1652 daAuts
Vaults:3: 1540 daAuts
Vaults:1: 1534 daAuts
  Lair:2: 1452 daAuts
  Lair:1: 1426 daAuts
Depths:2: 1402 daAuts
     D:9: 1387 daAuts
Spider:3: 1360 daAuts
Depths:4: 1333 daAuts
